Description

1/1/1 then expand. Requires less skill than pro builds.

Replay - A.I. 1 (Very Hard) v Ameroth - Honorgrounds LE

Build Order

Get SALT Encoding   

  12  0:02  SCV  
  13  0:14  SCV  
  13  0:18  Supply Depot  
  14  0:27  SCV  
  15  0:29  Refinery  
  15  0:40  SCV  
  16  0:48  Barracks  
  16  0:53  SCV  
  17  1:05  SCV  
  18  1:17  SCV  
  19  1:36  Orbital Command  
  19  1:40  Factory  
  19  1:41  Marine  
  19  1:47  Refinery  
  21  2:01  Supply Depot  
  21  2:02  Barracks Tech Lab  
  21  2:05  SCV  
  21  2:20  SCV  
  22  2:25  Starport  
  22  2:29  Widow Mine  
  24  2:30  Marine  
  24  2:33  SCV  
  26  2:37  Supply Depot  
  26  2:48  Marine  
  28  2:59  Command Center  
  28  3:04  Factory Tech Lab  
  28  3:08  Medivac  
  28  3:10  Marine  
  32  3:20  Supply Depot  
  33  3:27  Liberator  
  33  3:31  Siege Tank  
  33  3:33  Marine  
  41  3:53  Marine  
  42  3:56  Stimpack  
  42  4:05  Supply Depot  
  42  4:14  Orbital Command  
  43  4:19  Marauder  
  45  4:24  Barracks  
  46  4:40  Siege Tank  
  46  4:41  Starport Reactor  
  51  4:47  Refinery  
  51  4:51  Marauder  
  57  5:14  Barracks Reactor  
  57  5:18  Medivac x2  
  63  5:22  Engineering Bay  
  63  5:30  Marine, Armory  
  64  5:40  Refinery  
  67  5:51  Medivac  
  67  5:52  Barracks  
  71  6:07  Marine x2  
  71  6:10  Marauder  
  75  6:12  Siege Tank  
  75  6:13  Medivac  
  82  6:19  Terran Infantry Weapons Level 1  
  82  6:37  Marine  
  86  6:45  Marauder, Siege Tank  
Spawning Tool Build Advisor. Get it on Overwolf

Go to:

Details

  • Created by: Ameroth
  • Published on: Mar 17, 2017
  • Modified on: Mar 17, 2017
  • Patch: 3.8.0
Show
View Real Time Build Order
Export as new Build Order

Comments (0)

There are no comments. Be the first!

Create an account to comment!